 Dungeon Crawl Stone Soup version 0.18-a0-965-g9200175 (webtiles) character file.

46 root the Shield-Bearer (level 3, -5/30 HPs)
             Began as a Formicid Fighter on Jan 1, 2016.
             Killed from afar by Sigmund (6 damage)
             ... with a wand of magic darts
             ... on level 2 of the Dungeon.
             The game lasted 00:03:39 (1405 turns).

root the Shield-Bearer (Formicid Fighter)           Turns: 1405, Time: 00:03:39

Health: -5/30      AC:  7    Str: 20    XL:     3   Next: 95%
Magic:  3/3        EV:  8    Int:  7    God:
Gold:   64         SH:  9    Dex: 11    Spells: 0 memorised, 2 levels left

rFire  . . .     SeeInvis +     a - +0 long sword
rCold  . . .     Gourm    .     b - +0 scale mail
rNeg   . . .     Faith    .     c - +0 shield
rPois  .         Spirit   .     (helmet unavailable)
rElec  .         Dismiss  .     (no cloak)
rCorr  .         Reflect  .     (no gloves)
SustAt .         Harm     .     (no boots)
MR     .....                    (no amulet)
Stlth  ..........               (no ring)
                                (no ring)

@: not resistant to hostile enchantments, extremely unstealthy
A: permanent stasis, dig shafts and tunnels, four strong arms, antennae 3
a: Dig, Shaft Self


You were on level 2 of the Dungeon.
You were not hungry.

You visited 1 branch of the dungeon, and saw 2 of its levels.

You collected 64 gold pieces.

Inventory:

Hand Weapons
 a - a +0 long sword (weapon)
Armour
 b - a +0 scale mail (worn)
 c - a +0 shield (worn)
Scrolls
 g - a scroll of random uselessness {unknown}
 i - a scroll of teleportation {unknown}
 j - 3 scrolls of recharging {unknown}
 n - a scroll of fear {unknown}
Potions
 d - a potion of might
 e - a potion of curing {unknown}
Books
 k - Kikubaaqudgha's Reference Book on Dark Rites
   (You found it on level 2 of the Dungeon)

   Spells                             Type                      Level
   a - Animate Skeleton               Necromancy                   1
 l - Sif Muna's Volume of Shape Shifting
   (You found it on level 2 of the Dungeon)

   Spells                             Type                      Level
   a - Beastly Appendage              Transmutation                1
 m - Vehumet's Catalogue of Confrontation
   (You found it on level 2 of the Dungeon)

   Spells                             Type                      Level
   a - Magic Dart                     Conjuration                  1
Comestibles
 f - a bread ration
 h - a meat ration


   Skills:
 + Level 3.8 Fighting
 * Level 2.2 Long Blades
 + Level 3.8 Armour
 + Level 4.2 Shields


You had 2 spell levels left.
You didn't know any spells.

Dungeon Overview and Level Annotations

Branches:
Dungeon (2/15)

Altars:
Kikubaaqudgha
Sif Muna
Vehumet
Xom
The Shining One

Annotations:
D:2 Sigmund


Innate Abilities, Weirdness & Mutations

You are under a permanent stasis effect.
You can dig through walls and to a lower floor.
Your four strong arms can wield two-handed weapons with a shield.
You have a pair of large antennae on your head (SInv).


Message History

The magic dart hits you!
You slash Sigmund!
Sigmund is heavily wounded.
Sigmund hits you with a scythe of flaming!
* * * LOW HITPOINT WARNING * * *
Sigmund burns you.
* * * LOW HITPOINT WARNING * * *
You hit Sigmund.
Sigmund is heavily wounded.
Sigmund gestures at you while chanting. The puff of flame hits you!
You hit Sigmund.
Sigmund is severely wounded.
Sigmund closely misses you.
Your shield and scale mail prevent you from hitting Sigmund.
Sigmund is severely wounded.
Sigmund laughs darkly.
Sigmund points at you and mumbles some strange words.
You resist with some effort.
Sigmund zaps a wand.
The magic dart hits you!
You die...

#._.## #.#
##...## 8...8#
..# ##'##
#...### .## #.#
##.##8## ####.#
...#...#
##+#≈##.######
.⌠...._#
#≈...'.........
...#...#
##'#≈#....#####
##.##8##
##%###...##
#...###
#..@###.(#
8...8#
#8.#@8##..#
#._.##
##...##....
##### ##_##
#..?. ## ##
.#### .# .# .#
.#


You could see Sigmund.

Vanquished Creatures
  An adder (D:2)
  A giant gecko (D:1)
  5 bats
  A giant cockroach (D:1)
  5 goblins
  5 hobgoblins (D:1)
  3 jackals (D:1)
  6 kobolds
  A giant newt (D:1)
  4 rats
32 creatures vanquished.

Vanquished Creatures (others)
  A kobold (D:1)
1 creature vanquished.

Grand Total: 33 creatures vanquished

Notes
Turn   | Place    | Note
--------------------------------------------------------------
     0 | D:1      | root the Formicid Fighter began the quest for the Orb.
     0 | D:1      | Reached XP level 1. HP: 18/18 MP: 1/1
   175 | D:1      | Reached XP level 2. HP: 22/24 MP: 2/2
   357 | D:1      | Reached skill level 4 in Shields
   362 | D:1      | Reached XP level 3. HP: 27/30 MP: 3/3
  1061 | D:2      | Found a shimmering altar of Xom.
  1106 | D:2      | Found a shimmering altar of Xom.
  1108 | D:2      | Found a shimmering altar of Xom.
  1111 | D:2      | Found a shimmering altar of Xom.
  1111 | D:2      | Found a shimmering altar of Xom.
  1169 | D:2      | Found an ancient bone altar of Kikubaaqudgha.
  1171 | D:2      | Found a radiant altar of Vehumet.
  1171 | D:2      | Found a deep blue altar of Sif Muna.
  1176 | D:2      | Identified Kikubaaqudgha's Reference Book on Dark Rites
  1183 | D:2      | Identified Sif Muna's Volume of Shape Shifting
  1192 | D:2      | Identified Vehumet's Catalogue of Confrontation
  1396 | D:2      | Noticed Sigmund
  1398 | D:2      | Found a glowing golden altar of the Shining One.
  1402 | D:2      | HP: 1/30 [Sigmund/scythe of flaming (3)]
  1405 | D:2      | Killed from afar by Sigmund

Vault maps used:
D:1:      shiori_arrival_oz, minivault_24, patterned_corridor
D:2:      grunt_temple_overflow_forces_of_nature,
          grunt_temple_overflow_magic_moments, amethyst_overflow_temple_binary,
          xom_redecorated, grunt_decor_arrowhead, uniq_sigmund

Action                   || total
-------------------------++-------
Melee: Long sword        ||   117
  Eat: Chunk             ||     2
